Map: Tourmaline LE

Players

GamerNico - Winner!

  • Race: Terran Terran
  • League: Grandmaster
  • Spawn Location: 1:00

A.I. 1 (Very Easy)

  • Race: Terran Terran
  • Spawn Location: 7:00

VOD

Have the link to the VOD?

Description

Time

  • Played on: Nov. 20, 2025, 11:24 a.m.
  • Length: 10:06
Show
View Real Time Build Order
Export as new Build Order

GamerNico Terran - Winner!

Build Orders: Cyclone Opening 

Get SALT Encoding   

  12  0:00  SCV  
  13  0:12  SCV  
  14  0:17  Supply Depot  
  14  0:24  SCV  
  15  0:38  SCV  
  15  0:40  Barracks  
  16  0:43  Refinery  
  16  0:51  SCV  
  16  0:53  Refinery  
  17  1:03  SCV  
  18  1:15  SCV  
  19  1:27  Reaper  
  19  1:29  Supply Depot  
  19  1:30  Orbital Command  
  20  1:46  Factory  
  20  1:56  SCV  
  20  1:59  Reaper  
  22  2:08  SCV  
  23  2:20  SCV  
  24  2:30  Factory Tech Lab  
  24  2:35  SCV  
  24  2:36  Command Center  
  25  2:38  Barracks Reactor  
  25  2:47  SCV  
  25  2:49  Cyclone  
  29  2:54  Supply Depot  
  29  2:59  SCV  
  30  3:11  Starport, SCV  
  31  3:15  Marine x2  
  33  3:23  SCV  
  34  3:33  Siege Tank, Marine x2  
  39  3:44  Refinery  
  39  3:47  SCV  
  40  3:48  Viking  
  40  3:52  Marine x2  
  44  3:59  SCV  
  45  4:05  Siege Tank  
  45  4:07  Orbital Command  
  48  4:11  Marine x2  
  48  4:16  SCV  
  51  4:22  Starport Tech Lab  
  51  4:28  SCV  
  54  4:35  Supply Depot  
  53  4:47  Raven  
  54  4:52  Command Center  
  54  4:56  Siege Tank, Marine x2, SCV x2  
  61  5:00  Supply Depot  
  61  5:08  SCV  
  62  5:15  Supply Depot  
  62  5:21  SCV  
  62  5:26  Marine, SCV  
  62  5:28  Stimpack  
  65  5:29  Viking, Supply Depot  
  65  5:30  Viking  
  70  5:35  SCV  
  70  5:37  Siege Tank  
  70  5:38  Supply Depot  
  70  5:39  SCV  
  74  5:46  Marine  
  74  5:47  SCV  
  76  5:51  SCV  
  76  5:54  Supply Depot  
  77  6:02  Viking x2  
  77  6:03  SCV x2  
  83  6:07  Marine  
  84  6:12  Orbital Command  
  84  6:13  Siege Tank  
  84  6:15  SCV x2  
  89  6:20  Barracks  
  89  6:22  Barracks  
  89  6:26  Engineering Bay  
  89  6:29  SCV x2  
  89  6:30  Refinery  
  89  6:31  Marine  
  92  6:41  SCV  
  92  6:43  Viking x2  
  92  6:44  SCV  
  92  6:46  Orbital Command  
  99  6:48  Siege Tank  
  99  6:50  Marine  
  99  6:54  SCV  
  103  6:55  Terran Infantry Weapons Level 1  
  103  6:56  SCV  
  103  6:58  Supply Depot  
  103  7:01  Engineering Bay  
  104  7:06  SCV  
  105  7:08  SCV  
  106  7:18  Marine, Barracks Reactor x2  
  106  7:19  Viking  
  106  7:20  Combat Shield  
  106  7:22  Liberator  
  112  7:23  SCV x2  
  112  7:24  SCV  
  115  7:31  Siege Tank  
  115  7:34  Supply Depot  
  115  7:35  SCV x2  
  115  7:36  Supply Depot  
  120  7:37  Terran Infantry Armor Level 1  
  120  7:38  Refinery, SCV  
  121  7:48  Marine  
  121  7:49  SCV x2  
  124  7:53  Barracks, SCV  
  124  7:54  Barracks  
  124  7:55  Refinery  
  125  8:00  Marine x4  
  125  8:01  Liberator  
  133  8:05  SCV x2  
  133  8:06  SCV  
  133  8:07  Siege Tank, Marine  
  133  8:11  Armory  
  139  8:17  SCV  
  139  8:18  SCV  
  139  8:19  Supply Depot x3, Factory  
  141  8:22  SCV  
  141  8:25  Marine x4  
  141  8:26  Marine  
  147  8:28  Supply Depot  
  147  8:29  Supply Depot  
  147  8:39  SCV x2  
  149  8:44  Marine x5  
  149  8:45  Siege Tank, Liberator  
  160  8:51  Viking  
  160  8:53  Supply Depot, SCV  
  160  8:54  SCV x2  
  165  8:59  Command Center  
  165  9:03  Barracks Reactor x2  
  165  9:16  Starport  
  165  9:18  Factory Tech Lab  
  165  9:19  Marine x2  
  165  9:20  Marine, Starport  
  165  9:21  Siege Tank, Factory  
  165  9:22  Viking, Marine  
  174  9:28  Medivac  
  174  9:29  Marine  
  174  9:30  SCV x2  
  174  9:31  SCV  
  183  9:42  SCV  
  183  9:43  SCV  
Show
View Real Time Build Order
Export as new Build Order

A.I. 1 (Very Easy) Terran 

Build Orders:  

Get SALT Encoding   

  12  0:00  SCV  
  13  0:13  SCV  
  14  0:19  Supply Depot  
  14  0:36  Refinery  
  14  0:44  Barracks  
  14  1:04  Supply Depot  
  14  1:11  Refinery  
  14  1:29  SCV  
  14  1:31  Marine  
  16  1:41  SCV  
  17  1:53  SCV  
  18  2:01  Marine  
  19  2:05  SCV  
  20  2:17  SCV  
  22  2:30  SCV  
  22  2:31  Marine  
  23  2:43  Orbital Command  
  23  4:13  SCV  
  23  5:39  Marine, SCV  
  23  5:40  Supply Depot  
  24  5:43  Factory  
  24  5:51  SCV  
  25  6:03  SCV  
  26  6:07  Supply Depot  
  26  6:10  Barracks Tech Lab  
  24  6:15  SCV  
  24  6:27  SCV  
  24  6:28  Marine, Starport  
  26  6:39  SCV  
  27  6:43  Command Center  
  26  6:55  Command Center  
  26  6:57  Hellion  
  28  7:04  Starport Tech Lab  
  27  7:14  Command Center  
  29  7:23  Raven  
  29  7:25  Hellion  
  31  7:33  Supply Depot  
  25  7:50  SCV  
  24  7:54  Hellion, Barracks Tech Lab  
  24  7:57  Raven  
  25  8:03  SCV  
  22  8:15  SCV  
  23  8:23  Hellion  
  23  8:27  Refinery, SCV  
  23  8:29  SCV  
  25  8:37  Starport Tech Lab, Refinery  
  25  8:39  SCV  
  26  8:43  SCV  
  27  8:51  SCV  
  27  8:52  Hellion  
  30  8:58  Raven, SCV  
  33  9:05  SCV  
  34  9:12  SCV  
  35  9:19  SCV  
  35  9:20  Hellion  
  21  9:33  SCV  
  18  9:46  SCV  
Tags
 
Matchup
TvT
Race
Terran
Spawn Locations
Cross Positions
Add a new tag
Caveats
  • Supply blocks, unpowered buildings, or Contaminate may cause inaccurate times.
  • Supply counts are checked every 10 seconds.